Map: Oblivion Express

Players

wasp

  • Race: Protoss Protoss

larsgj

  • Race: Terran Terran

VOD

Have the link to the VOD?

Description

Time

  • Played on: Sept. 5, 2018, 1:01 p.m.
  • Length: 24:45
Show
View Real Time Build Order
Export as new Build Order

wasp Protoss 

Build Orders:  

Get SALT Encoding   

  1  0:00  Probe x12 (Chrono Boost)  
    0:13  Unknown x4  
  12  0:48  Pylon  
  12  0:55  Pylon  
  12  1:04  Pylon  
  12  1:17  Gateway  
  12  1:32  Assimilator  
  12  1:59  Forge  
  12  2:22  Gateway  
  12  2:25  Zealot  
  14  3:56  Zealot  
  14  3:59  Zealot  
  18  4:05  Pylon  
  18  4:58  Photon Cannon  
  18  5:06  Photon Cannon  
  18  5:13  Photon Cannon  
  18  5:19  Photon Cannon  
  18  5:25  Photon Cannon  
  18  5:52  Zealot  
  18  5:54  Zealot  
  22  6:00  Protoss Ground Armor Level 1  
  22  6:54  Zealot  
  22  6:55  Zealot  
  26  7:39  Photon Cannon  
  26  7:43  Photon Cannon  
  26  7:59  Photon Cannon  
  26  8:06  Photon Cannon  
  26  8:34  Zealot  
  26  8:35  Zealot  
  30  9:45  Zealot  
  30  9:46  Zealot  
  34  10:25  Cybernetics Core  
  34  11:38  Dragoon  
  34  11:39  Dragoon  
  34  16:30  Dragoon  
  34  16:34  Zealot  
  38  17:34  Zealot  
  38  17:36  Dragoon  
  38  18:43  Pylon  
  38  19:07  Pylon  
  38  19:16  Photon Cannon  
  38  19:20  Photon Cannon  
  38  19:23  Photon Cannon  
  38  19:30  Photon Cannon  
  38  19:42  Photon Cannon  
  38  19:47  Photon Cannon  
  38  19:52  Photon Cannon  
  38  19:59  Photon Cannon  
  38  20:09  Photon Cannon  
  38  20:19  Photon Cannon  
  38  20:33  Photon Cannon  
  38  20:44  Photon Cannon  
  38  20:59  Pylon  
  34  22:20  Photon Cannon  
  34  22:26  Photon Cannon  
  34  22:34  Photon Cannon  
  34  22:43  Photon Cannon  
  34  22:48  Photon Cannon  
  34  22:51  Photon Cannon  
  34  23:01  Photon Cannon  
  34  23:54  Nexus  
Show
View Real Time Build Order
Export as new Build Order

larsgj Terran 

Build Orders:  

Get SALT Encoding   

  1  0:00  Orbital Command, SCV x12  
    0:13  Unknown x3  
    0:17  SCV  
  13  0:34  SCV  
  13  0:39  Supply Depot  
  14  1:13  Barracks  
  14  1:20  Barracks  
  14  1:31  Supply Depot  
  14  1:32  SCV  
  15  1:49  SCV  
  16  2:06  SCV  
  16  2:08  Barracks, Marine  
  18  2:20  Marine  
  18  2:21  Supply Depot  
  18  2:23  SCV  
  18  2:26  Refinery  
  20  2:37  Marine  
  21  2:40  SCV  
  21  2:44  Marine  
  23  3:04  Refinery  
  23  3:11  Supply Depot  
  23  3:14  Marine x2  
  23  3:16  SCV  
  26  3:32  Marine  
  26  3:33  SCV  
  28  3:50  Engineering Bay, SCV  
  28  3:51  Unknown  
  29  4:04  Barracks Tech Lab  
  29  4:06  Barracks Tech Lab  
  29  4:39  Concussive Shells  
  29  4:54  Orbital Command  
  29  4:58  Marauder  
  29  4:59  Marauder  
  33  5:09  Supply Depot  
  33  5:12  Supply Depot  
  33  5:15  Marine  
  34  5:51  Marauder x2  
  38  6:06  Marauder  
  40  7:04  Terran Infantry Weapons Level 1  
  40  7:05  Missile Turret  
  40  7:27  Marine x2  
  42  7:39  Marine x2  
  42  7:41  Supply Depot  
  44  7:52  Marine x2  
  46  8:04  Marine x2  
  46  8:07  Missile Turret  
  48  8:16  Marine  
  49  9:44  Terran Infantry Armor Level 1  
  49  9:58  Missile Turret  
  48  10:19  Marine x2  
  49  10:25  Supply Depot  
  50  10:31  Marine  
  50  10:32  Marine  
  52  10:44  Marine x2  
  54  10:56  Marine  
  54  10:57  Marine  
  54  10:59  Missile Turret  
  56  11:08  Marine  
  56  11:09  Marine  
  58  11:26  Supply Depot  
  54  12:00  Missile Turret  
  52  12:16  Factory  
  52  12:24  Structure Armor  
  52  12:28  Supply Depot  
  52  12:34  Neosteel Frame  
  43  13:45  Marine  
  43  13:46  Marine  
  41  13:58  Marine x2  
  35  14:10  Marine  
  35  14:11  Marine  
  37  14:23  Marine x2  
  39  14:35  Marine  
  39  14:36  Marine  
  39  14:40  SCV  
  39  14:47  Marine  
  39  14:48  Marine  
  42  14:52  Barracks  
  42  14:57  SCV  
  43  15:00  Marine  
  43  15:01  Marine  
  45  15:12  Marine  
  45  15:13  Marine  
  45  15:14  SCV  
  46  15:25  Marine  
  43  15:31  SCV  
  43  15:32  Armory  
  43  15:39  Barracks Reactor  
  44  15:48  SCV  
  43  16:21  Marine x2  
  45  16:33  Marine  
  45  16:34  Marine  
  47  16:45  Marine  
  47  16:46  Marine  
  49  16:58  Marine x2  
  47  17:10  Marine  
  47  17:11  Marine  
  47  17:17  Marine x2  
  51  17:23  Marine x2, Terran Infantry Armor Level 2  
  51  17:29  Marine  
  53  17:30  Marine  
  53  17:35  Marine  
  53  17:36  Marine  
  57  17:42  Marine x2  
  57  17:48  Marine x2  
  61  17:54  Marine  
  61  17:55  Marine  
  63  18:00  Marine  
  63  18:01  Marine  
  65  18:54  Marine  
  65  18:55  Marine x3  
  69  19:06  Marine  
  69  19:07  Marine x3  
  73  19:19  Marine x4  
  77  19:31  Marine  
  77  19:32  Marine x3, Starport  
  77  19:37  Terran Vehicle And Ship Armor Level 1  
  81  19:44  Marine x4  
  85  19:56  Marine  
  85  19:57  Marine x3  
  89  20:00  Supply Depot  
  89  20:09  Marine x4  
  93  20:21  Marine  
  93  20:22  Marine  
  93  20:26  Starport  
  93  20:29  Marine x2  
  95  20:33  Terran Infantry Weapons Level 2, Marine  
  95  20:34  Marine  
  95  20:38  Supply Depot  
  99  20:42  Marine x2  
  99  20:46  Marine x2  
  103  21:07  Marine x2  
  104  21:10  Supply Depot  
  103  21:20  Marine x2  
  105  21:42  Supply Depot  
  103  22:12  Supply Depot  
  103  22:14  Supply Depot  
  97  22:47  Supply Depot  
  97  23:18  Supply Depot  
  90  23:39  Marine x4  
  83  23:50  Supply Depot  
  83  23:51  Marine  
  83  23:52  Marine x3  
  85  24:03  Marine  
  85  24:04  Marine x3  
Tags
 
Commander
ArtanisRaynor
Matchup
Co-op
Replay Pack
Multiplayer
Add a new tag
Caveats
  • Supply blocks, unpowered buildings, or Contaminate may cause inaccurate times.
  • Supply counts are checked every 10 seconds.